SAN JOSE vs TORONTO

Created - May 22, 2021 at 08:47

Goals
1 2 3 T
SAN JOSE 2 0 0 2
TORONTO 2 2 0 4
Shots
1 2 3 T
SAN JOSE 9 13 5 27
TORONTO 14 7 13 34

1st period

1. TORONTO , Kyle Turris 12 (Ethan Bear 25, Richard Panik 11) at 4:31
2. SAN JOSE , Cam Atkinson 16 (TJ Brodie 16, Ryan Murray 25) at 8:38
3. TORONTO , Alex Pietrangelo 14 (Brayden Point 30) at 17:48
4. SAN JOSE , Zach Sanford 18 (TJ Brodie 17, Ryan Murray 26) at 19:33

Penalties :
No Penalty

2nd period

5. TORONTO , Ryan Reaves 4 (Curtis Lazar 6, Kevin Shattenkirk 24) at 2:56
6. TORONTO , Ondrej Palat 25 (Kevin Shattenkirk 25, Joe Pavelski 28) at 4:49 (PP)

Penalties :
Colin Miller (SJ ) for Hooking (Minor) at 2:59, Ryan Reaves (TOR) for Tripping (Minor) at 5:43, Ethan Bear (TOR) for Tripping (Minor) at 19:18

3rd period

No Goal

Penalties :
No Penalty

Goalie Stats

Kevin Lankinen (SJ ), 30 saves from 34 shots - (0.882), L, 1-1-0, 60:00 minutes
Jonathan Quick (TOR), 25 saves from 27 shots - (0.926), W, 8-3-3, 60:00 minutes

Players Stats for SAN JOSE

Player Name              G  A  P  +/- PIM S  H  SB GA TA FO     MP     PP MP  PK MP  
------------------------------------------------------------------------------------
Alexander Kerfoot        0  0  0   0  0   1  0  0  0  0  2/4    20:25   1:04   0:00 
Cam Atkinson             1  0  1   0  0   6  0  0  0  0  2/3    20:35   2:54   0:30 
Chris Kreider            0  0  0   0  0   2  1  0  0  0  1/3    23:23   2:54   1:20 
Cody Ceci                0  0  0   0  0   2  2  0  0  0  0/0    23:17   2:49   0:54 
Colin Miller             0  0  0  -2  2   0  1  0  0  0  0/0    16:26   0:00   0:00 
David Kampf              0  0  0  -1  0   1  0  0  0  0  0/0    17:07   0:00   0:00 
Dominic Toninato         0  0  0   0  0   0  1  0  0  0  0/0    12:06   1:04   0:00 
Kevin Hayes              0  0  0   0  0   2  0  0  0  0  16/28  21:25   2:54   1:20 
Lias Andersson           0  0  0   0  0   0  0  0  0  0  0/0     0:34   0:00   0:00 
Nicolas Deslauriers      0  0  0   0  0   0  0  0  0  0  0/1     2:19   0:00   0:00 
Niklas Hjalmarsson       0  0  0   0  0   0  1  0  0  0  0/0    23:17   2:49   0:54 
Radek Faksa              0  0  0   0  0   5  2  1  0  0  12/26  19:09   1:04   0:30 
Ryan Dzingel             0  0  0  -1  0   1  0  0  0  0  5/17   17:07   0:00   0:00 
Ryan Murray              0  2  2   1  0   1  2  0  0  0  0/0    20:16   1:09   0:56 
TJ Brodie                0  2  2   1  0   3  1  0  0  0  0/0    20:16   1:09   0:56 
Will Butcher             0  0  0  -2  0   0  1  1  0  0  0/0    16:27   0:00   0:00 
William Carrier          0  0  0  -1  0   1  2  0  0  0  0/0    17:07   0:00   0:00 
Zach Sanford             1  0  1   0  0   2  0  1  0  0  0/2     6:53   0:00   0:00 

Players Stats for TORONTO

Player Name              G  A  P  +/- PIM S  H  SB GA TA FO     MP     PP MP  PK MP  
------------------------------------------------------------------------------------
Alex Pietrangelo         1  0  1   2  0   1  0  2  0  0  0/0    24:30   0:44   2:19 
Brady Tkachuk            0  0  0   1  0   4  2  0  0  0  2/4    20:01   0:44   0:53 
Brayden Point            0  1  1   1  0   4  0  0  0  0  1/2    22:04   0:44   2:56 
Curtis Lazar             0  1  1   1  0   1  1  0  0  0  4/8     6:30   0:00   0:00 
Ethan Bear               0  1  1   1  2   0  4  0  0  0  0/0    18:09   0:44   1:00 
Joe Pavelski             0  1  1  -1  0   6  1  0  0  0  15/24  17:29   1:06   0:53 
Jordan Martinook         0  0  0   1  0   0  2  0  0  0  1/1     6:30   0:00   0:00 
Jordie Benn              0  0  0  -2  0   0  2  2  0  0  0/0    16:53   0:00   0:34 
Josh Morrissey           0  0  0   1  0   0  1  1  0  0  0/0    22:49   1:06   2:06 
Kevin Shattenkirk        0  2  2   2  0   1  3  2  0  0  0/0    21:01   1:06   1:39 
Kyle Turris              1  0  1   0  0   3  0  0  0  0  11/18  13:48   0:00   0:00 
Mark Scheifele           0  0  0   1  0   3  0  0  0  0  10/24  22:09   0:44   3:01 
Nick Suzuki              0  0  0  -1  0   2  0  0  0  0  1/1    16:36   1:06   0:00 
Ondrej Palat             1  0  1  -1  0   3  4  0  0  0  0/0    16:36   1:06   0:00 
Oskar Lindblom           0  0  0   0  0   3  0  0  0  0  0/0    13:48   0:00   0:00 
Richard Panik            0  1  1   0  0   2  2  0  0  0  0/0    14:01   0:00   0:13 
Ryan Reaves              1  0  1   1  2   1  1  0  0  0  1/2     6:29   0:00   0:00 
Trevor Daley             0  0  0  -2  0   0  1  0  0  0  0/0    16:37   0:00   0:18 

3 Stars

1 - Kevin Shattenkirk (TOR)
2 - Alex Pietrangelo (TOR)
3 - Ondrej Palat (TOR)

Power Play

SAN JOSE - 0 on 2 Attempt(s) - 0.00%
TORONTO - 1 on 1 Attempt(s) - 100.00%

Penalty Kill

SAN JOSE - 0 on 1 Attempt(s) - 0.00% - Score 0 goal in Penalty Kill
TORONTO - 2 on 2 Attempt(s) - 100.00% - Score 0 goal in Penalty Kill

Team Stat

SAN JOSE - Hits : 14 - Faceoff Wins : 38 - Blocked Shots : 3 - Penalty Minutes : 2
TORONTO - Hits : 24 - Faceoff Wins : 46 - Blocked Shots : 7 - Penalty Minutes : 4

Official

Referees : Furman South and Joel Stainer
Linesman : Greg Devorski and Alex McNeil

Game Notes

Zach Sanford is injured at 5:10 of 2nd period (Left Hip)

Finance

Level 1 -- Attendance: 6000 (100.00%) -- Ticket Income $408,000
Level 2 -- Attendance: 4335 (86.70%) -- Ticket Income $238,425
Level 3 -- Attendance: 1846 (92.30%) -- Ticket Income $57,226
Level 4 -- Attendance: 2758 (68.95%) -- Ticket Income $60,676
Luxury Box -- Attendance: 921 (92.10%) -- Ticket Income $124,335
Game was played at the Air Canada Center.
Total Attendance: 15860 (88.11%)
Total Ticket Income: $888,662
Total Income: $888,662

SAN JOSE

5 vs 5 Forward 
   Center                   Left Wing                Right Wing               Time % Phy DF OF 
 1 Kevin Hayes              Chris Kreider            Cam Atkinson             35     1   2  2  
 2 Radek Faksa              Zach Sanford             Alexander Kerfoot        30     1   2  2  
 3 Ryan Dzingel             William Carrier          David Kampf              25     1   2  2  
 4 Alexander Kerfoot        Nicolas Deslauriers      Chris Kreider            10     1   2  2  

5 vs 5 Defense 
   Defense                  Defense                                           Time % Phy DF OF 
 1 Cody Ceci                Niklas Hjalmarsson                                35     1   2  2  
 2 Ryan Murray              TJ Brodie                                         30     1   2  2  
 3 Will Butcher             Colin Miller                                      25     1   2  2  
 4 Cody Ceci                Niklas Hjalmarsson                                10     1   2  2  

PowerPlay Forward 
   Center                   Left Wing                Right Wing               Time % Phy DF OF 
 1 Kevin Hayes              Chris Kreider            Cam Atkinson             60     1   2  2  
 2 Radek Faksa              Zach Sanford             Alexander Kerfoot        40     1   2  2  

PowerPlay Defense
   Defense                  Defense                                           Time % Phy DF OF 
 1 Cody Ceci                Niklas Hjalmarsson                                60     1   2  2  
 2 Ryan Murray              TJ Brodie                                         40     1   2  2  

Penalty Kill 4 Players Forward 
   Center                   Wing                     Time % Phy DF OF 
 1 Chris Kreider            Kevin Hayes              60     1   2  2  
 2 Cam Atkinson             Radek Faksa              40     1   2  2  

Penalty Kill 4 Players Defense
   Defense                  Defense                  Time % Phy DF OF 
 1 Cody Ceci                Niklas Hjalmarsson       60     1   2  2  
 2 Ryan Murray              TJ Brodie                40     1   2  2  

Penalty Kill - 3 Players Forward 
   Forward                                           Time % Phy DF OF 
 1 Chris Kreider                                     60     1   2  2  
 2 Kevin Hayes                                       40     1   2  2  

Penalty Kill - 3 Players Defense
   Defense                  Defense                  Time % Phy DF OF 
 1 Cody Ceci                Niklas Hjalmarsson       60     1   2  2  
 2 Ryan Murray              TJ Brodie                40     1   2  2  

4 vs 4 Forward 
   Center                   Wing                     Time % Phy DF OF 
 1 Chris Kreider            Kevin Hayes              60     1   2  2  
 2 Cam Atkinson             Radek Faksa              40     1   2  2  

4 vs 4 Defense
   Defense                  Defense                  Time % Phy DF OF 
 1 Cody Ceci                Niklas Hjalmarsson       60     1   2  2  
 2 Ryan Murray              TJ Brodie                40     1   2  2  

Last Minutes Offensive
   Center                   Left Wing                Right Wing               Defense                  Defense                  
   Kevin Hayes              Chris Kreider            Cam Atkinson             Cody Ceci                Niklas Hjalmarsson       

Last Minutes Defensive
   Center                   Left Wing                Right Wing               Defense                  Defense                  
   Kevin Hayes              Chris Kreider            Cam Atkinson             Cody Ceci                Niklas Hjalmarsson       

Goaltenders
Starting : Kevin Lankinen           
Backup : Jake Allen               

Extra Forwards
Normal : Dominic Toninato, Lias Andersson, Ryan Dzingel - PP : Dominic Toninato, Lias Andersson - PK : Ryan Dzingel
Extra Defensemen
Normal : Will Butcher, Colin Miller, Ryan Murray - PP : Will Butcher - PK : Colin Miller, Ryan Murray
Penalty Shots
Chris Kreider, Kevin Hayes, Cam Atkinson, Radek Faksa, Ryan Dzingel

Scratches
SJ Cap Hit (Suspend), Mikhail Grigorenko (Healthy)

TORONTO

5 vs 5 Forward 
   Center                   Left Wing                Right Wing               Time % Phy DF OF 
 1 Mark Scheifele           Brady Tkachuk            Brayden Point            35     0   2  3  
 2 Joe Pavelski             Ondrej Palat             Nick Suzuki              30     0   2  3  
 3 Kyle Turris              Oskar Lindblom           Richard Panik            25     0   2  3  
 4 Curtis Lazar             Jordan Martinook         Ryan Reaves              10     2   2  1  

5 vs 5 Defense 
   Defense                  Defense                                           Time % Phy DF OF 
 1 Alex Pietrangelo         Kevin Shattenkirk                                 35     0   3  2  
 2 Josh Morrissey           Ethan Bear                                        30     0   3  2  
 3 Trevor Daley             Jordie Benn                                       25     1   4  0  
 4 Alex Pietrangelo         Josh Morrissey                                    10     1   2  2  

PowerPlay Forward 
   Center                   Left Wing                Right Wing               Time % Phy DF OF 
 1 Mark Scheifele           Brady Tkachuk            Brayden Point            60     0   1  4  
 2 Joe Pavelski             Ondrej Palat             Nick Suzuki              40     0   1  4  

PowerPlay Defense
   Defense                  Defense                                           Time % Phy DF OF 
 1 Joe Pavelski             Alex Pietrangelo                                  60     0   2  3  
 2 Josh Morrissey           Kevin Shattenkirk                                 40     0   2  3  

Penalty Kill 4 Players Forward 
   Center                   Wing                     Time % Phy DF OF 
 1 Mark Scheifele           Brayden Point            60     0   4  1  
 2 Joe Pavelski             Brady Tkachuk            40     0   4  1  

Penalty Kill 4 Players Defense
   Defense                  Defense                  Time % Phy DF OF 
 1 Alex Pietrangelo         Ethan Bear               60     0   4  1  
 2 Josh Morrissey           Kevin Shattenkirk        40     0   4  1  

Penalty Kill - 3 Players Forward 
   Forward                                           Time % Phy DF OF 
 1 Mark Scheifele                                    60     0   5  0  
 2 Brayden Point                                     40     0   5  0  

Penalty Kill - 3 Players Defense
   Defense                  Defense                  Time % Phy DF OF 
 1 Alex Pietrangelo         Ethan Bear               60     0   5  0  
 2 Josh Morrissey           Kevin Shattenkirk        40     0   5  0  

4 vs 4 Forward 
   Center                   Wing                     Time % Phy DF OF 
 1 Mark Scheifele           Brayden Point            60     1   2  2  
 2 Joe Pavelski             Brady Tkachuk            40     1   2  2  

4 vs 4 Defense
   Defense                  Defense                  Time % Phy DF OF 
 1 Alex Pietrangelo         Ethan Bear               60     1   2  2  
 2 Josh Morrissey           Kevin Shattenkirk        40     1   2  2  

Last Minutes Offensive
   Center                   Left Wing                Right Wing               Defense                  Defense                  
   Mark Scheifele           Brady Tkachuk            Brayden Point            Alex Pietrangelo         Josh Morrissey           

Last Minutes Defensive
   Center                   Left Wing                Right Wing               Defense                  Defense                  
   Mark Scheifele           Brady Tkachuk            Brayden Point            Alex Pietrangelo         Josh Morrissey           

Goaltenders
Starting : Jonathan Quick           
Backup : Chris Driedger           

Extra Forwards
Normal : Nick Suzuki, Oskar Lindblom, Richard Panik - PP : Nick Suzuki, Oskar Lindblom - PK : Richard Panik
Extra Defensemen
Normal : Ethan Bear, Jordie Benn, Josh Morrissey - PP : Ethan Bear - PK : Jordie Benn, Josh Morrissey
Penalty Shots
Mark Scheifele, Brayden Point, Joe Pavelski, Brady Tkachuk, Ondrej Palat

Scratches
Christian Fischer (Healthy), TOR Cap Hit (Suspend)

% Time on Ice - SAN JOSE

Lines # - Real PCT - Wanted PCT - Time Play
Normal Forward
1 - 32% - 35% - 17:11
2 - 32% - 30% - 17:35
3 - 32% - 25% - 17:07
4 - 4% - 10% - 2:19
Normal Defense
1 - 30% - 35% - 16:30
2 - 34% - 30% - 18:11
3 - 30% - 25% - 16:27
4 - 6% - 10% - 3:04
PP Forward
1 - 73% - 60% - 2:54
2 - 27% - 40% - 1:04
PP Defense
1 - 71% - 60% - 2:49
2 - 29% - 40% - 1:09
PK Forward
1 - 73% - 60% - 1:20
2 - 27% - 40% - 0:30
PK Defense
1 - 49% - 60% - 0:54
2 - 51% - 40% - 0:56
PK3 Forward
1 - 0% - 60%
2 - 0% - 40%
PK3 Defense
1 - 0% - 60%
2 - 0% - 40%
44 Forward
1 - 0% - 60%
2 - 0% - 40%
44 Defense
1 - 0% - 60%
2 - 0% - 40%
Last Minute Offensive  - 0:00
Last Minute Defensive  - 0:00
Total
Forward - 60:00
Defense - 60:00

% Time on Ice - TORONTO

Lines # - Real PCT - Wanted PCT - Time Play
Normal Forward
1 - 34% - 35% - 18:24
2 - 29% - 30% - 15:30
3 - 25% - 25% - 13:48
4 - 12% - 10% - 6:30
Normal Defense
1 - 34% - 35% - 18:16
2 - 30% - 30% - 16:16
3 - 30% - 25% - 16:19
4 - 6% - 10% - 3:21
PP Forward
1 - 40% - 60% - 0:44
2 - 60% - 40% - 1:06
PP Defense
1 - 40% - 60% - 0:44
2 - 60% - 40% - 1:06
PK Forward
1 - 78% - 60% - 3:05
2 - 22% - 40% - 0:53
PK Defense
1 - 58% - 60% - 2:19
2 - 42% - 40% - 1:39
PK3 Forward
1 - 0% - 60%
2 - 0% - 40%
PK3 Defense
1 - 0% - 60%
2 - 0% - 40%
44 Forward
1 - 0% - 60%
2 - 0% - 40%
44 Defense
1 - 0% - 60%
2 - 0% - 40%
Last Minute Offensive  - 0:00
Last Minute Defensive  - 0:00
Total
Forward - 60:00
Defense - 60:00

Play-by-Play

1st period


0:01 of 1st period - Kevin Hayes wins face-off versus Mark Scheifele in neutral zone.
0:12 of 1st period - Shot by Chris Kreider.
0:12 of 1st period - Stopped by Jonathan Quick without a rebound.
0:13 of 1st period - Joe Pavelski wins face-off versus Radek Faksa in TORONTO zone.
0:15 of 1st period - Icing by Ethan Bear.
0:16 of 1st period - Joe Pavelski wins face-off versus Ryan Dzingel in TORONTO zone.
0:44 of 1st period - Ryan Dzingel is hit by Ondrej Palat.
0:55 of 1st period - Shot by Ondrej Palat.
0:55 of 1st period - Stopped by Kevin Lankinen with a rebound.
1:24 of 1st period - Shot by Radek Faksa.
1:24 of 1st period - Shot Blocked by Jordie Benn.
1:26 of 1st period - Shot by Ryan Murray.
1:26 of 1st period - Shot Misses the Net.
1:28 of 1st period - Shot by TJ Brodie.
1:28 of 1st period - Stopped by Jonathan Quick without a rebound.
1:29 of 1st period - Kevin Hayes wins face-off versus Mark Scheifele in TORONTO zone.
1:29 of 1st period - Cam Atkinson is hit by Kevin Shattenkirk and loses puck.
1:42 of 1st period - Niklas Hjalmarsson is hit by Brady Tkachuk and loses puck.
1:51 of 1st period - Shot by Brady Tkachuk.
1:51 of 1st period - Stopped by Kevin Lankinen without a rebound.
1:52 of 1st period - Radek Faksa wins face-off versus Ryan Reaves in SAN JOSE zone.
3:18 of 1st period - Shot by Cam Atkinson.
3:18 of 1st period - Stopped by Jonathan Quick with a rebound.
4:25 of 1st period - Shot by Richard Panik.
4:25 of 1st period - Shot Misses the Net.
4:27 of 1st period - Shot by Ethan Bear.
4:27 of 1st period - Shot Misses the Net.
4:29 of 1st period - Shot by Ethan Bear.
4:29 of 1st period - Shot Misses the Net.
4:31 of 1st period - Shot by Kyle Turris.
4:31 of 1st period - Goal by Kyle Turris - SAN JOSE : 0 - TORONTO : 1.
4:32 of 1st period - Joe Pavelski wins face-off versus Radek Faksa in neutral zone.
4:34 of 1st period - Off-side.
4:35 of 1st period - Joe Pavelski wins face-off versus Nicolas Deslauriers in neutral zone.
4:38 of 1st period - Shot by Ondrej Palat.
4:38 of 1st period - Stopped by Kevin Lankinen with a rebound.
4:51 of 1st period - Icing by Jordie Benn.
4:52 of 1st period - Kevin Hayes wins face-off versus Joe Pavelski in TORONTO zone.
5:46 of 1st period - Icing by TJ Brodie.
5:47 of 1st period - Curtis Lazar wins face-off versus Kevin Hayes in SAN JOSE zone.
6:08 of 1st period - Icing by Alex Pietrangelo.
6:09 of 1st period - Curtis Lazar wins face-off versus Zach Sanford in TORONTO zone.
6:16 of 1st period - Shot by Radek Faksa.
6:16 of 1st period - Stopped by Jonathan Quick without a rebound.
6:17 of 1st period - Kyle Turris wins face-off versus Radek Faksa in TORONTO zone.
6:28 of 1st period - Cody Ceci is hit by Richard Panik and loses puck.
6:32 of 1st period - Icing by Alexander Kerfoot.
6:33 of 1st period - Mark Scheifele wins face-off versus Radek Faksa in SAN JOSE zone.
7:37 of 1st period - Alex Pietrangelo is hit by Will Butcher.
8:03 of 1st period - Icing by Ethan Bear.
8:04 of 1st period - Cam Atkinson wins face-off versus Kyle Turris in TORONTO zone.
8:15 of 1st period - Shot by Cam Atkinson.
8:15 of 1st period - Stopped by Jonathan Quick without a rebound.
8:16 of 1st period - Joe Pavelski wins face-off versus Kevin Hayes in TORONTO zone.
8:16 of 1st period - Joe Pavelski is hit by Chris Kreider.
8:38 of 1st period - Shot by Cam Atkinson.
8:38 of 1st period - Goal by Cam Atkinson - SAN JOSE : 1 - TORONTO : 1.
8:39 of 1st period - Kyle Turris wins face-off versus Alexander Kerfoot in neutral zone.
9:00 of 1st period - Shot by Oskar Lindblom.
9:00 of 1st period - Stopped by Kevin Lankinen without a rebound.
9:01 of 1st period - Joe Pavelski wins face-off versus Kevin Hayes in SAN JOSE zone.
9:29 of 1st period - Icing by Ryan Murray.
9:30 of 1st period - Kevin Hayes wins face-off versus Mark Scheifele in SAN JOSE zone.
10:20 of 1st period - Icing by Niklas Hjalmarsson.
10:21 of 1st period - Joe Pavelski wins face-off versus Radek Faksa in SAN JOSE zone.
10:57 of 1st period - Joe Pavelski is hit by Niklas Hjalmarsson and loses puck.
11:02 of 1st period - Shot by Joe Pavelski.
11:02 of 1st period - Stopped by Kevin Lankinen without a rebound.
11:03 of 1st period - Kyle Turris wins face-off versus Ryan Dzingel in SAN JOSE zone.
11:04 of 1st period - Shot by Trevor Daley.
11:04 of 1st period - Deflect By Oskar Lindblom.
11:04 of 1st period - Shot Misses the Net.
12:50 of 1st period - Niklas Hjalmarsson is hit by Ondrej Palat and loses puck.
13:19 of 1st period - Shot by Joe Pavelski.
13:19 of 1st period - Stopped by Kevin Lankinen with a rebound.
13:21 of 1st period - Shot by Kevin Shattenkirk.
13:21 of 1st period - Shot Misses the Net.
13:23 of 1st period - Shot by Nick Suzuki.
13:23 of 1st period - Shot Misses the Net.
13:30 of 1st period - Icing by Will Butcher.
13:31 of 1st period - Ryan Reaves wins face-off versus Ryan Dzingel in SAN JOSE zone.
14:04 of 1st period - Shot by Ryan Reaves.
14:04 of 1st period - Shot Misses the Net.
14:21 of 1st period - Will Butcher is hit by Josh Morrissey and loses puck.
14:38 of 1st period - Shot by Oskar Lindblom.
14:38 of 1st period - Stopped by Kevin Lankinen with a rebound.
14:42 of 1st period - Shot by Richard Panik.
14:42 of 1st period - Deflect By Kyle Turris.
14:42 of 1st period - Stopped by Kevin Lankinen without a rebound.
14:43 of 1st period - Alexander Kerfoot wins face-off versus Brayden Point in SAN JOSE zone.
15:00 of 1st period - Shot by Chris Kreider.
15:00 of 1st period - Shot Misses the Net.
16:01 of 1st period - Icing by Josh Morrissey.
16:02 of 1st period - Joe Pavelski wins face-off versus Radek Faksa in TORONTO zone.
16:14 of 1st period - Joe Pavelski is hit by Ryan Murray.
16:18 of 1st period - Shot by Ondrej Palat.
16:18 of 1st period - Deflect By Joe Pavelski.
16:18 of 1st period - Shot Misses the Net.
16:34 of 1st period - Shot by Radek Faksa.
16:34 of 1st period - Stopped by Jonathan Quick without a rebound.
16:35 of 1st period - Kevin Hayes wins face-off versus Kyle Turris in TORONTO zone.
16:46 of 1st period - Shot by Cam Atkinson.
16:46 of 1st period - Stopped by Jonathan Quick with a rebound.
16:48 of 1st period - Shot by Chris Kreider.
16:48 of 1st period - Shot Misses the Net.
17:16 of 1st period - Icing by Oskar Lindblom.
17:17 of 1st period - Kyle Turris wins face-off versus Ryan Dzingel in TORONTO zone.
17:22 of 1st period - Shot by Richard Panik.
17:22 of 1st period - Stopped by Kevin Lankinen without a rebound.
17:23 of 1st period - Mark Scheifele wins face-off versus Zach Sanford in SAN JOSE zone.
17:36 of 1st period - Shot by Brayden Point.
17:36 of 1st period - Stopped by Kevin Lankinen with a rebound.
17:38 of 1st period - Shot by Brady Tkachuk.
17:38 of 1st period - Shot Misses the Net.
17:48 of 1st period - Shot by Alex Pietrangelo.
17:48 of 1st period - Goal by Alex Pietrangelo - SAN JOSE : 1 - TORONTO : 2.
17:49 of 1st period - Ryan Dzingel wins face-off versus Joe Pavelski in neutral zone.
18:07 of 1st period - Shot by Nick Suzuki.
18:07 of 1st period - Stopped by Kevin Lankinen without a rebound.
18:08 of 1st period - Mark Scheifele wins face-off versus Kevin Hayes in SAN JOSE zone.
18:19 of 1st period - Shot by Brady Tkachuk.
18:19 of 1st period - Stopped by Kevin Lankinen with a rebound.
19:08 of 1st period - Icing by Kyle Turris.
19:09 of 1st period - Radek Faksa wins face-off versus Kyle Turris in TORONTO zone.
19:18 of 1st period - Shot by Radek Faksa.
19:18 of 1st period - Shot Misses the Net.
19:31 of 1st period - Shot by TJ Brodie.
19:31 of 1st period - Shot Misses the Net.
19:33 of 1st period - Shot by Zach Sanford.
19:33 of 1st period - Goal by Zach Sanford - SAN JOSE : 2 - TORONTO : 2.
19:34 of 1st period - Nick Suzuki wins face-off versus Ryan Dzingel in neutral zone.
19:41 of 1st period - Shot by Joe Pavelski.
19:41 of 1st period - Shot Misses the Net.
Goals for this period are 2 for SAN JOSE vs 2 for TORONTO.
Shots for this period are 9 for SAN JOSE vs 14 for TORONTO.

2nd period


0:01 of 2nd period - Brady Tkachuk wins face-off versus Alexander Kerfoot in neutral zone.
0:15 of 2nd period - Shot by Chris Kreider.
0:15 of 2nd period - Shot Blocked by Alex Pietrangelo.
0:50 of 2nd period - Icing by Brady Tkachuk.
0:51 of 2nd period - Mark Scheifele wins face-off versus Ryan Dzingel in TORONTO zone.
1:13 of 2nd period - Ryan Dzingel is hit by Brady Tkachuk and loses puck.
2:11 of 2nd period - Icing by Jordie Benn.
2:12 of 2nd period - Radek Faksa wins face-off versus Joe Pavelski in TORONTO zone.
2:43 of 2nd period - Shot by Zach Sanford.
2:43 of 2nd period - Stopped by Jonathan Quick without a rebound.
2:44 of 2nd period - Kevin Hayes wins face-off versus Curtis Lazar in TORONTO zone.
2:52 of 2nd period - Shot by Kevin Shattenkirk.
2:52 of 2nd period - Stopped by Kevin Lankinen with a rebound.
2:54 of 2nd period - Shot by Curtis Lazar.
2:54 of 2nd period - Shot Blocked by Will Butcher.
2:56 of 2nd period - Shot by Curtis Lazar.
2:56 of 2nd period - Deflect By Ryan Reaves.
2:56 of 2nd period - Goal by Ryan Reaves - SAN JOSE : 2 - TORONTO : 3.
2:57 of 2nd period - Kyle Turris wins face-off versus Kevin Hayes in neutral zone.
2:59 of 2nd period - Minor Penalty to Colin Miller for Hooking.
3:00 of 2nd period - Chris Kreider wins face-off versus Joe Pavelski in SAN JOSE zone.
4:28 of 2nd period - Icing by Kevin Shattenkirk.
4:29 of 2nd period - Cam Atkinson wins face-off versus Joe Pavelski in TORONTO zone.
4:35 of 2nd period - Icing by Kevin Shattenkirk.
4:36 of 2nd period - Joe Pavelski wins face-off versus Chris Kreider in TORONTO zone.
4:40 of 2nd period - Josh Morrissey is hit by Ryan Murray and loses puck.
4:49 of 2nd period - Shot by Kevin Shattenkirk.
4:49 of 2nd period - Deflect By Ondrej Palat.
4:49 of 2nd period - Goal by Ondrej Palat - SAN JOSE : 2 - TORONTO : 4.
4:50 of 2nd period - Kyle Turris wins face-off versus Radek Faksa in neutral zone.
5:01 of 2nd period - Richard Panik is hit by Colin Miller and loses puck.
5:06 of 2nd period - Shot by Oskar Lindblom.
5:06 of 2nd period - Shot Misses the Net.
5:08 of 2nd period - Shot by Jordie Benn.
5:08 of 2nd period - Shot Blocked by Radek Faksa.
5:10 of 2nd period - Shot by Kyle Turris.
5:10 of 2nd period - Shot Blocked by Zach Sanford.
5:10 of 2nd period - Zach Sanford from SAN JOSE is injured at 5:10 of 2nd period (Left Hip).
5:11 of 2nd period - Ryan Dzingel wins face-off versus Curtis Lazar in SAN JOSE zone.
5:11 of 2nd period - Ryan Dzingel is hit by Jordan Martinook.
5:23 of 2nd period - Kevin Shattenkirk is hit by William Carrier and loses puck.
5:30 of 2nd period - Niklas Hjalmarsson is hit by Jordan Martinook and loses puck.
5:43 of 2nd period - Minor Penalty to Ryan Reaves for Tripping.
5:44 of 2nd period - Kevin Hayes wins face-off versus Mark Scheifele in TORONTO zone.
5:55 of 2nd period - Shot by TJ Brodie.
5:55 of 2nd period - Stopped by Jonathan Quick without a rebound.
5:56 of 2nd period - Radek Faksa wins face-off versus Mark Scheifele in TORONTO zone.
6:03 of 2nd period - Shot by Alexander Kerfoot.
6:03 of 2nd period - Shot Misses the Net.
6:05 of 2nd period - Shot by TJ Brodie.
6:05 of 2nd period - Stopped by Jonathan Quick with a rebound.
6:07 of 2nd period - Shot by Ryan Murray.
6:07 of 2nd period - Shot Blocked by Kevin Shattenkirk.
6:09 of 2nd period - Shot by Radek Faksa.
6:09 of 2nd period - Shot Misses the Net.
6:11 of 2nd period - Shot by TJ Brodie.
6:11 of 2nd period - Shot Misses the Net.
6:13 of 2nd period - Shot by Ryan Murray.
6:13 of 2nd period - Stopped by Jonathan Quick without a rebound.
6:14 of 2nd period - Kevin Hayes wins face-off versus Mark Scheifele in TORONTO zone.
6:18 of 2nd period - Chris Kreider is hit by Ethan Bear and loses puck.
6:35 of 2nd period - Shot by Cam Atkinson.
6:35 of 2nd period - Stopped by Jonathan Quick without a rebound.
6:36 of 2nd period - Radek Faksa wins face-off versus Mark Scheifele in TORONTO zone.
6:57 of 2nd period - Shot by Mark Scheifele.
6:57 of 2nd period - Stopped by Kevin Lankinen without a rebound.
6:58 of 2nd period - Joe Pavelski wins face-off versus Kevin Hayes in SAN JOSE zone.
7:08 of 2nd period - Kevin Hayes is hit by Ethan Bear and loses puck.
7:27 of 2nd period - Shot by Kevin Hayes.
7:27 of 2nd period - Stopped by Jonathan Quick with a rebound.
7:29 of 2nd period - Shot by Chris Kreider.
7:29 of 2nd period - Shot Misses the Net.
8:42 of 2nd period - Shot by Radek Faksa.
8:42 of 2nd period - Stopped by Jonathan Quick without a rebound.
8:43 of 2nd period - Joe Pavelski wins face-off versus Radek Faksa in TORONTO zone.
9:10 of 2nd period - TJ Brodie is hit by Ondrej Palat and loses puck.
10:08 of 2nd period - Shot by Cam Atkinson.
10:08 of 2nd period - Shot Misses the Net.
10:47 of 2nd period - Shot by Curtis Lazar.
10:47 of 2nd period - Stopped by Kevin Lankinen without a rebound.
10:48 of 2nd period - Radek Faksa wins face-off versus Kyle Turris in SAN JOSE zone.
11:39 of 2nd period - Shot by Kevin Hayes.
11:39 of 2nd period - Shot Blocked by Alex Pietrangelo.
11:41 of 2nd period - Shot by Cody Ceci.
11:41 of 2nd period - Stopped by Jonathan Quick with a rebound.
11:46 of 2nd period - Cam Atkinson is hit by Kevin Shattenkirk.
12:08 of 2nd period - Ryan Dzingel is hit by Ryan Reaves and loses puck.
12:20 of 2nd period - William Carrier is hit by Kevin Shattenkirk and loses puck.
12:23 of 2nd period - Shot by David Kampf.
12:23 of 2nd period - Stopped by Jonathan Quick with a rebound.
12:33 of 2nd period - Shot by Ryan Dzingel.
12:33 of 2nd period - Stopped by Jonathan Quick without a rebound.
12:34 of 2nd period - Radek Faksa wins face-off versus Mark Scheifele in TORONTO zone.
12:34 of 2nd period - Ryan Murray is hit by Ethan Bear and loses puck.
12:38 of 2nd period - Icing by Ethan Bear.
12:39 of 2nd period - Brady Tkachuk wins face-off versus Radek Faksa in TORONTO zone.
12:53 of 2nd period - Alexander Kerfoot is hit by Ethan Bear and loses puck.
13:23 of 2nd period - Icing by Josh Morrissey.
13:24 of 2nd period - Kevin Hayes wins face-off versus Mark Scheifele in TORONTO zone.
13:25 of 2nd period - Shot by Chris Kreider.
13:25 of 2nd period - Stopped by Jonathan Quick without a rebound.
13:26 of 2nd period - Kevin Hayes wins face-off versus Joe Pavelski in TORONTO zone.
13:26 of 2nd period - Kevin Hayes is hit by Jordie Benn.
13:31 of 2nd period - Chris Kreider is hit by Jordie Benn and loses puck.
13:53 of 2nd period - Cam Atkinson is hit by Trevor Daley and loses puck.
15:27 of 2nd period - Shot by Radek Faksa.
15:27 of 2nd period - Stopped by Jonathan Quick without a rebound.
15:28 of 2nd period - Radek Faksa wins face-off versus Brady Tkachuk in TORONTO zone.
15:39 of 2nd period - Shot by Brayden Point.
15:39 of 2nd period - Stopped by Kevin Lankinen without a rebound.
15:40 of 2nd period - Radek Faksa wins face-off versus Curtis Lazar in SAN JOSE zone.
16:40 of 2nd period - Shot by Brayden Point.
16:40 of 2nd period - Stopped by Kevin Lankinen with a rebound.
16:52 of 2nd period - Shot by Cam Atkinson.
16:52 of 2nd period - Shot Blocked by Jordie Benn.
16:54 of 2nd period - Shot by Ryan Murray.
16:54 of 2nd period - Shot Misses the Net.
17:21 of 2nd period - Mark Scheifele is hit by TJ Brodie and loses puck.
18:04 of 2nd period - Shot by William Carrier.
18:04 of 2nd period - Stopped by Jonathan Quick without a rebound.
18:05 of 2nd period - Radek Faksa wins face-off versus Joe Pavelski in TORONTO zone.
18:57 of 2nd period - Icing by David Kampf.
18:58 of 2nd period - Ryan Dzingel wins face-off versus Kyle Turris in SAN JOSE zone.
18:58 of 2nd period - Ryan Dzingel is hit by Richard Panik.
19:18 of 2nd period - Minor Penalty to Ethan Bear for Tripping.
19:19 of 2nd period - Mark Scheifele wins face-off versus Kevin Hayes in TORONTO zone.
19:35 of 2nd period - Off-side.
19:36 of 2nd period - Radek Faksa wins face-off versus Mark Scheifele in neutral zone.
Goals for this period are 0 for SAN JOSE vs 2 for TORONTO.
Shots for this period are 13 for SAN JOSE vs 7 for TORONTO.

3rd period


0:01 of 3rd period - Kevin Hayes wins face-off versus Mark Scheifele in neutral zone.
0:29 of 3rd period - Shot by Kevin Hayes.
0:29 of 3rd period - Deflect By Cam Atkinson.
0:29 of 3rd period - Shot Blocked by Josh Morrissey.
0:31 of 3rd period - Shot by Cody Ceci.
0:31 of 3rd period - Stopped by Jonathan Quick with a rebound.
0:41 of 3rd period - Shot by Kevin Hayes.
0:41 of 3rd period - Shot Misses the Net.
1:19 of 3rd period - Oskar Lindblom is hit by Dominic Toninato and loses puck.
1:47 of 3rd period - Icing by Kyle Turris.
1:48 of 3rd period - Ryan Dzingel wins face-off versus Kyle Turris in TORONTO zone.
2:18 of 3rd period - Icing by Alex Pietrangelo.
2:19 of 3rd period - Joe Pavelski wins face-off versus Radek Faksa in TORONTO zone.
2:45 of 3rd period - Shot by Joe Pavelski.
2:45 of 3rd period - Stopped by Kevin Lankinen with a rebound.
2:47 of 3rd period - Shot by Kevin Shattenkirk.
2:47 of 3rd period - Shot Misses the Net.
2:49 of 3rd period - Shot by Alex Pietrangelo.
2:49 of 3rd period - Shot Misses the Net.
2:51 of 3rd period - Shot by Joe Pavelski.
2:51 of 3rd period - Shot Hit the Post.
3:12 of 3rd period - Icing by Jordie Benn.
3:13 of 3rd period - Mark Scheifele wins face-off versus Ryan Dzingel in TORONTO zone.
3:31 of 3rd period - Icing by Niklas Hjalmarsson.
3:32 of 3rd period - Kyle Turris wins face-off versus Ryan Dzingel in SAN JOSE zone.
3:35 of 3rd period - Shot by Richard Panik.
3:35 of 3rd period - Stopped by Kevin Lankinen without a rebound.
3:36 of 3rd period - Kyle Turris wins face-off versus Cam Atkinson in SAN JOSE zone.
4:01 of 3rd period - Shot by Cam Atkinson.
4:01 of 3rd period - Shot Misses the Net.
4:03 of 3rd period - Shot by Chris Kreider.
4:03 of 3rd period - Shot Misses the Net.
4:34 of 3rd period - Icing by Josh Morrissey.
4:35 of 3rd period - Kyle Turris wins face-off versus Ryan Dzingel in TORONTO zone.
4:35 of 3rd period - Kyle Turris is hit by William Carrier.
5:15 of 3rd period - Shot by Brady Tkachuk.
5:15 of 3rd period - Stopped by Kevin Lankinen without a rebound.
5:16 of 3rd period - Joe Pavelski wins face-off versus Radek Faksa in SAN JOSE zone.
5:16 of 3rd period - Kevin Shattenkirk is hit by Cody Ceci and loses puck.
5:20 of 3rd period - Icing by Niklas Hjalmarsson.
5:21 of 3rd period - Joe Pavelski wins face-off versus Radek Faksa in SAN JOSE zone.
5:21 of 3rd period - Ondrej Palat is hit by Cody Ceci and loses puck.
5:52 of 3rd period - Shot by Joe Pavelski.
5:52 of 3rd period - Stopped by Kevin Lankinen without a rebound.
5:53 of 3rd period - Mark Scheifele wins face-off versus Kevin Hayes in SAN JOSE zone.
5:54 of 3rd period - Shot by Brady Tkachuk.
5:54 of 3rd period - Stopped by Kevin Lankinen without a rebound.
5:55 of 3rd period - Mark Scheifele wins face-off versus Kevin Hayes in SAN JOSE zone.
6:11 of 3rd period - Shot by Chris Kreider.
6:11 of 3rd period - Deflect By Kevin Hayes.
6:11 of 3rd period - Stopped by Jonathan Quick with a rebound.
6:13 of 3rd period - Shot by Kevin Hayes.
6:13 of 3rd period - Shot Misses the Net.
7:03 of 3rd period - Ondrej Palat is hit by Radek Faksa and loses puck.
7:20 of 3rd period - Shot by Radek Faksa.
7:20 of 3rd period - Stopped by Jonathan Quick with a rebound.
8:18 of 3rd period - Shot by Kyle Turris.
8:18 of 3rd period - Stopped by Kevin Lankinen without a rebound.
8:19 of 3rd period - Curtis Lazar wins face-off versus Chris Kreider in SAN JOSE zone.
8:33 of 3rd period - Icing by Colin Miller.
8:34 of 3rd period - Kevin Hayes wins face-off versus Mark Scheifele in SAN JOSE zone.
9:09 of 3rd period - Shot by Mark Scheifele.
9:09 of 3rd period - Stopped by Kevin Lankinen with a rebound.
10:12 of 3rd period - David Kampf is hit by Joe Pavelski and loses puck.
10:43 of 3rd period - Shot by Oskar Lindblom.
10:43 of 3rd period - Stopped by Kevin Lankinen without a rebound.
10:44 of 3rd period - Alexander Kerfoot wins face-off versus Mark Scheifele in SAN JOSE zone.
10:56 of 3rd period - Shot by Mark Scheifele.
10:56 of 3rd period - Stopped by Kevin Lankinen without a rebound.
10:57 of 3rd period - Curtis Lazar wins face-off versus Kevin Hayes in SAN JOSE zone.
11:39 of 3rd period - Niklas Hjalmarsson is hit by Curtis Lazar and loses puck.
14:13 of 3rd period - Icing by Colin Miller.
14:14 of 3rd period - Jordan Martinook wins face-off versus Ryan Dzingel in SAN JOSE zone.
14:18 of 3rd period - Icing by Colin Miller.
14:19 of 3rd period - Brayden Point wins face-off versus Ryan Dzingel in SAN JOSE zone.
14:45 of 3rd period - Off-side.
14:46 of 3rd period - Kevin Hayes wins face-off versus Joe Pavelski in neutral zone.
15:11 of 3rd period - Shot by Nick Suzuki.
15:11 of 3rd period - Stopped by Kevin Lankinen with a rebound.
15:13 of 3rd period - Shot by Jordie Benn.
15:13 of 3rd period - Shot Misses the Net.
15:20 of 3rd period - Off-side.
15:21 of 3rd period - Mark Scheifele wins face-off versus Radek Faksa in neutral zone.
15:28 of 3rd period - Shot by Mark Scheifele.
15:28 of 3rd period - Deflect By Brady Tkachuk.
15:28 of 3rd period - Shot Misses the Net.
15:38 of 3rd period - Shot by Radek Faksa.
15:38 of 3rd period - Shot Misses the Net.
15:40 of 3rd period - Shot by Dominic Toninato.
15:40 of 3rd period - Shot Misses the Net.
15:56 of 3rd period - Shot by Alexander Kerfoot.
15:56 of 3rd period - Stopped by Jonathan Quick without a rebound.
15:57 of 3rd period - Kyle Turris wins face-off versus Kevin Hayes in TORONTO zone.
15:59 of 3rd period - Icing by Josh Morrissey.
16:00 of 3rd period - Kyle Turris wins face-off versus Kevin Hayes in TORONTO zone.
16:23 of 3rd period - Shot by Oskar Lindblom.
16:23 of 3rd period - Shot Hit the Post.
16:46 of 3rd period - Icing by Kevin Hayes.
16:47 of 3rd period - Kevin Hayes wins face-off versus Joe Pavelski in SAN JOSE zone.
17:14 of 3rd period - Shot by Joe Pavelski.
17:14 of 3rd period - Stopped by Kevin Lankinen without a rebound.
17:15 of 3rd period - Mark Scheifele wins face-off versus Radek Faksa in SAN JOSE zone.
17:24 of 3rd period - Shot by Brayden Point.
17:24 of 3rd period - Stopped by Kevin Lankinen without a rebound.
17:25 of 3rd period - Ryan Dzingel wins face-off versus Curtis Lazar in SAN JOSE zone.
18:06 of 3rd period - Off-side.
18:07 of 3rd period - Radek Faksa wins face-off versus Brady Tkachuk in neutral zone.
18:34 of 3rd period - Alex Pietrangelo is hit by Radek Faksa and loses puck.
18:54 of 3rd period - Icing by Kevin Shattenkirk.
18:55 of 3rd period - Kevin Hayes wins face-off versus Mark Scheifele in TORONTO zone.
19:08 of 3rd period - Shot by Kevin Hayes.
19:08 of 3rd period - Shot Blocked by Kevin Shattenkirk.
19:10 of 3rd period - Shot by Cam Atkinson.
19:10 of 3rd period - Stopped by Jonathan Quick without a rebound.
19:11 of 3rd period - Joe Pavelski wins face-off versus Ryan Dzingel in TORONTO zone.
19:18 of 3rd period - Shot by David Kampf.
19:18 of 3rd period - Deflect By Ryan Dzingel.
19:18 of 3rd period - Shot Misses the Net.
19:28 of 3rd period - Will Butcher is hit by Ondrej Palat and loses puck.
19:42 of 3rd period - Shot by Joe Pavelski.
19:42 of 3rd period - Stopped by Kevin Lankinen without a rebound.
19:43 of 3rd period - Kevin Hayes wins face-off versus Kyle Turris in SAN JOSE zone.
Goals for this period are 0 for SAN JOSE vs 0 for TORONTO.
Shots for this period are 5 for SAN JOSE vs 13 for TORONTO.